AoeStats
← tuyentuyem55555

Hill Fort

506407491Analyzed
3v3 RM · 18d ago on Sep 13, 2026· 52m 2s· 6 players
Game mode
Random Map
Map size
Normal (6 player)
Population
200
Speed
Normal
Resources
Standard
Victory
Conquest
Starting age
Dark Age
Ending age
Imperial Age
RankedLock teamsTeams togetherTeam positionsShared explorationLock speedFull tech treeHidden civsTurbo modeCheats
Victory
Defeat
🇨🇳 Ethiopians · China
864
+17
🇲🇽 Maya · Mexico
837
+18
🇺🇸 Khmer · United States
792
+21
🇻🇳 Khmer · Vietnam
899
-19
🇻🇳 Koreans · Vietnam
891
-19
🇻🇳 Burgundians · Vietnam
879
-18
maRtin993♪
12:23 Feudal Age
13:04 Double-Bit Axe
13:02 Horse Collar
14:50 Wheelbarrow
14:07 Loom
20:08 Castle Age
19:14 Stone Mining
19:16 Gold Mining
24:16 Bow Saw
24:26 Heavy Plow
25:32 Forging
25:22 Scale Mail Armor
25:25 Squires
25:46 Fervor
26:13 Stone Shaft Mining
26:38 Town Watch
27:29 Hand Cart
29:11 Iron Casting
28:52 Chain Mail Armor
29:49 Town Patrol
32:32 Royal Heirs
33:23 Ballistics
33:50 Chain Mail Armor
37:14 Imperial Age
34:49 Murder Holes
35:49 Gold Shaft Mining
37:17 Caravan
37:34 Arson
37:58 Elite Shotel Warrior
44:09 Blast Furnace
43:39 Plate Mail Armor
Garivan
5:48 Loom
13:37 Feudal Age
15:46 Wheelbarrow
20:31 Castle Age
19:11 Stone Mining
19:13 Gold Mining
19:49 Scale Mail Armor
20:46 Forging
22:09 Eagle Warrior
28:41 Pikeman
29:21 Squires
29:39 Chain Mail Armor
33:38 Double-Bit Axe
33:47 Horse Collar
34:28 Bow Saw
34:27 Heavy Plow
36:12 Iron Casting
38:00 Hand Cart
40:34 Imperial Age
40:26 Arson
42:05 Plate Mail Armor
42:01 Conscription
43:52 Blast Furnace
44:18 Guilds
44:39 Coinage
44:09 Caravan
44:35 Halberdier
44:38 Elite Eagle Warrior
45:58 Coinage
45:39 Guilds
45:30 Caravan
46:11 Capped Ram
47:31 Banking
49:28 Two-Man Saw
48:19 Siege Ram
DPtheBananaKing
11:38 Feudal Age
19:27 Castle Age
18:06 Double-Bit Axe
18:03 Horse Collar
24:19 Bloodlines
24:10 Husbandry
24:55 Gold Mining
29:01 Imperial Age
28:40 Wheelbarrow
27:54 Loom
28:49 Forging
28:45 Scale Barding Armor
30:09 Cavalier
32:46 Ballistics
33:37 Hand Cart
34:47 Stone Mining
36:56 Iron Casting
37:54 Heavy Plow
40:03 Chemistry
41:46 Double Crossbow
43:26 Heavy Scorpion
44:30 Heavy Scorpion
trtrnghia123
13:56 Feudal Age
14:37 Double-Bit Axe
15:01 Horse Collar
19:47 Castle Age
17:50 Gold Mining
17:50 Stone Mining
19:14 Wheelbarrow
19:12 Stone Mining
25:56 Bow Saw
25:51 Heavy Plow
32:34 Imperial Age
30:20 Husbandry
30:15 Fletching
30:57 Hand Cart
31:50 Gold Shaft Mining
31:50 Stone Shaft Mining
32:16 Ballistics
32:18 Bodkin Arrow
32:52 Caravan
34:55 Two-Man Saw
34:06 Bracer
35:09 Chemistry
35:25 Conscription
37:22 Scale Barding Armor
37:27 Forging
39:08 Elite Skirmisher
39:54 Thumb Ring
42:31 Light Cavalry
43:19 Hussar
46:18 Chain Barding Armor
46:33 Iron Casting
46:33 Elite War Wagon
PCTtamnek
0:42 Loom
12:51 Feudal Age
12:44 Double-Bit Axe
12:43 Horse Collar
20:31 Castle Age
20:11 Heavy Plow
20:24 Bow Saw
34:03 Two-Man Saw
33:34 Caravan
33:41 Padded Archer Armor
33:31 Fletching
33:44 Husbandry
34:33 Burgundian Vineyards
37:21 Imperial Age
36:10 Wheelbarrow
35:20 Town Watch
35:58 Gold Mining
38:18 Wheelbarrow
37:28 Town Watch
38:30 Ballistics
39:11 Chemistry
40:14 Leather Archer Armor
39:55 Bodkin Arrow
41:17 Conscription
40:34 Elite Coustillier
tuyentuyem55555
0:44 Loom
13:43 Feudal Age
14:14 Double-Bit Axe
15:47 Horse Collar
20:36 Castle Age
19:14 Wheelbarrow
18:49 Stone Mining
22:21 Bow Saw
23:24 Forging
23:20 Scale Barding Armor
24:35 Heavy Plow
24:39 Gold Mining
25:37 Iron Casting
24:39 Light Cavalry
25:23 Husbandry
26:40 Bloodlines
27:33 Fletching
31:02 Chain Barding Armor
31:20 Tusk Swords
34:38 Gold Shaft Mining
34:38 Stone Shaft Mining
38:04 Imperial Age
37:50 Caravan
38:39 Hand Cart
39:25 Conscription
38:37 Hussar
41:16 Blast Furnace
40:52 Plate Barding Armor
40:07 Elite Battle Elephant
41:53 Crop Rotation
45:22 Elite Ballista Elephant
48:57 Masonry
49:48 Chemistry
49:09 Ballistics
48:59 Fortified Wall
49:25 Bodkin Arrow
Connection lost

Rejoining the realm…

Still unreachable

The connection could not be restored.

Session expired

The server has moved on; the page needs a fresh start.